 Dungeon Crawl Stone Soup version 0.31-a0-331-geda263fcf1 (webtiles) character file.

Game seed: 493806348248517314

235 cforsyth the Digger (level 5, 0/35 HPs)
             Began as a Vampire Earth Elementalist on July 20, 2023.
             Slain by Grinder (4 damage)
             ... on level 4 of the Dungeon.
             The game lasted 00:04:22 (3023 turns).

cforsyth the Digger (Vampire Earth Elementalist)    Turns: 3023, Time: 00:04:22

Health: 0/35       AC:  3    Str:  7    XL:     5   Next: 76%
Magic:  7/10       EV: 12    Int: 19    God:
Gold:   130        SH:  0    Dex: 15    Spells: 10/11 levels left

rFire   . . .        l - staff of earth
rCold   . . .        (no shield)
rNeg    . . .        a - +0 robe
rPois   .            (no helmet)
rElec   .            (no cloak)
rCorr   .            (no gloves)
SInv    +            p - +0 pair of boots
Will    .....        (no amulet)
Stlth   ++           (no ring)
HPRegen 0.45/turn    (no ring)
MPRegen 0.12/turn

%: no passive effects
@: healing quickly
A: alive, fangs 3, see invisible, vampiric 2
a: Exsanguinate


You were on level 4 of the Dungeon.
You visited 1 branch of the dungeon, and saw 4 of its levels.

You collected 130 gold pieces.

Inventory:

Hand Weapons
 k - the +7 staff of the Meek {protect, meekguard}
   (You found it on level 2 of the Dungeon)
Armour
 a - a +0 robe (worn)
 p - a +0 pair of boots (worn)
Magical Staves
 l - a staff of earth (weapon)
Jewellery
 j - an amulet of faith
Wands
 o - a wand of light (8)
Scrolls
 d - 4 scrolls of identify {unknown}
 h - a scroll of teleportation {unknown}
 i - a scroll of torment {unknown}
Potions
 b - a potion of magic
 c - 2 potions of attraction {unknown}
 e - a potion of berserk rage {unknown}
 f - 4 potions of curing {unknown}
 g - a potion of brilliance {unknown}
 m - a potion of might {unknown}
 n - a potion of enlightenment {unknown}
 q - a potion of degeneration {unknown}


   Skills:
 - Level 2.1 Dodging
 - Level 3.0 Stealth
 + Level 3.6 Spellcasting
 + Level 3.6 Transmutations
 + Level 4.4 Earth Magic


You had 10 spell levels left.
You knew the following spells:

 Your Spells              Type           Power      Damage    Failure   Level
a - Sandblast             Erth           60%        2d14      2%          1

Your spell library contained the following spells:

 Spells                   Type           Power      Damage    Failure   Level
 Passwall                 Tmut/Erth      23%        N/A       4%          2
 Wereblood                Tmut           17%        N/A       4%          2
 Sting                    Tmut/Pois      40%        1d5       7%          1
 Stone Arrow              Conj/Erth      34%        3d9       17%         3
 Poisonous Vapours        Pois/Air       6%         N/A       22%         2
 Petrify                  Tmut/Erth      28%        N/A       26%         4
 Mephitic Cloud           Conj/Pois/Air  3%         N/A       41%         3
 Olgreb's Toxic Radiance  Pois           3%         N/A       82%         4
 Irradiate                Conj/Tmut      5%         3d13      88%         5
 Freezing Cloud           Conj/Ice/Air   1%         6-21      99%         5


Dungeon Overview and Level Annotations

Branches:
Dungeon (4/15)
 Temple: D:4-7

Altars:
Trog

Shops:
D:1 [

Annotations:
D:4 Grinder


Innate Abilities, Weirdness & Mutations

Your natural rate of healing is accelerated.
You have razor-sharp teeth.
You have supernaturally acute eyesight. (SInv)
You are afflicted with vampirism and can become a bat while bloodless.


Message History

Unknown command.
Unknown command.
Unknown command.
You feel a surge of power!
The blast of sand hits Grinder!
Grinder is almost dead.
The endoplasm freezes you.
You are frozen.
Grinder says, "You look like you could use a good racking."
Grinder closely misses you. The endoplasm hits you.
Grinder blinks!
You feel a surge of power!
The blast of sand misses Grinder.
Grinder gestures at you.
You suddenly lose the ability to move!
The endoplasm hits you. The endoplasm freezes you.
You are frozen.
Grinder hits you.
You writhe in agony.
The endoplasm jiggles.
The endoplasm hits you. Grinder hits you but does no damage.
The endoplasm hits you.
* * * LOW HITPOINT WARNING * * *
Grinder gestures at you.
You struggle to resist.
The endoplasm hits you.
* * * LOW HITPOINT WARNING * * *
Grinder hits you.
* * * LOW HITPOINT WARNING * * *
You can move again.
Unknown command.
Unknown command.
Unknown command.
Unknown command.
You are too injured to fight recklessly!
Unknown command.
Unknown command.
Unknown command.
You hit Grinder but do no damage. x2
Grinder is almost dead.
The endoplasm freezes you.
You are frozen.
* * * LOW HITPOINT WARNING * * *
Grinder hits you.
You die...

##...## ##.....## ..
#...<...# .# ##...).## .5
##...## .## . .. ##.## ..
#.# ....####.# .##....
##....5)#########....#
....###.@##.........#
....###.J##..#####..#
.........##.5# ....#
.#..##...##..#####.#....#
#.......).J.......#.##..
##.##...##.##).#... . #
#......)..# ..# .# .
#####.##### ..#.. .[ #.#
#...


You could see Grinder and an endoplasm.

Vanquished Creatures
  Eustachio (D:3)
  2 adders
  3 worms
  2 dart slugs (D:1)
  5 ball pythons
  6 endoplasms
  6 giant cockroaches
  8 goblins
  4 hobgoblins
  5 quokkas
  10 bats
  4 frilled lizards
  10 kobolds
  4 rats
70 creatures vanquished.

Notes
Turn   | Place    | Note
-------+----------+-------------------------------------------
     0 | D:1      | cforsyth the Vampire Earth Elementalist began the quest for
                  | the Orb.
     0 | D:1      | Reached XP level 1. HP: 13/13 MP: 3/3
   219 | D:1      | Reached XP level 2. HP: 19/19 MP: 3/5
   574 | D:1      | Found Arupp's Armour Emporium.
   596 | D:1      | Gained mutation: You are afflicted with vampirism and can
                  | become a bat while bloodless. [Vampire growth]
   596 | D:1      | Reached XP level 3. HP: 24/24 MP: 1/6
   646 | D:1      | Found a faded altar of an unknown god.
  1369 | D:2      | Found the +7 staff of the Meek {protect, meekguard}
  1622 | D:2      | Reached XP level 4. HP: 30/30 MP: 5/8
  2235 | D:3      | Found a bloodstained altar of Trog.
  2789 | D:4      | Noticed Eustachio
  2904 | D:3      | Killed Eustachio
  2905 | D:3      | Reached skill level 4 in Earth Magic
  2905 | D:3      | Reached XP level 5. HP: 25/35 MP: 4/10
  2992 | D:4      | Noticed Grinder
  3014 | D:4      | Paralysed by Grinder for 3 turns
  3018 | D:4      | Paralysed by Grinder for 5 turns
  3023 | D:4      | Slain by Grinder

Illustrated notes

Levels and vault maps discovered:
D:1:      co_arrival_random_square_maze, layout_basic, serial_shops, shop,
          dreamdust_ecumenical_altar_angels_and_demons, minmay_close_crescents
D:2:      layout_loops_ring, minmay_vboxes
D:3:      layout_basic, mainiacjoe_overflow_surrounded_room
D:4:      cheibrodos_thug_alley, layout_loops_ring,
          mainiacjoe_overflow_six_doors_small, minmay_temple_entry_ruins,
          uniq_eustachio, uniq_grinder

Skill      XL: |  1  2  3  4 |
---------------+-------------+-----
Transmutations | 2 3 |  3.6
Spellcasting   | 3 |  3.6
Earth Magic    | 4 |  4.4
Dodging        | |  2.1
Stealth        | |  3.0

Action                     |  1- 3 |  4- 6 || total
---------------------------+-------+-------++-------
  Melee: Unarmed           |     1 |       ||     1
         Quarterstaff      |       |     2 ||     2
         Bite              |       |     1 ||     1
         Staff             |       |     2 ||     2
   Cast: Sandblast         |    63 |    32 ||    95
   Stab: Sleeping          |       |     1 ||     1
 Armour: Robe              |     6 |     9 ||    15
  Dodge: Dodged            |    27 |     8 ||    35

Table legend: (Time is in decaauts)
 A = Elapsed time spent in this place.
 B = Non-inter-level travel time spent in this place.
 C = Inter-level travel time spent in this place.
 D = Time resting spent in this place.
 E = Time spent auto-exploring this place.
 F = Levels seen in this place.
 G = Mean time per level.
                   A        B        C        D        E       F      G
               +--------+--------+--------+--------+--------+-----+--------+
         Total |   3075 |   2912 |    163 |    190 |   2290 |   4 |  768.8 |
       Dungeon |   3075 |   2912 |    163 |    190 |   2290 |   4 |  768.8 |
               +--------+--------+--------+--------+--------+-----+--------+

Top non-repeatable levels by time:
     D:1: 1223 daAuts
     D:3: 946 daAuts
     D:2: 715 daAuts
     D:4: 190 daAuts
